 Dungeon Crawl Stone Soup version 0.24-a0-585-g5c5dc1b5cb (webtiles) character file.

Game seed: 1056945257859718092, levelgen mode: deterministic

315 E1999 the Chopper (level 6, 0/51 HPs)
             Began as a Minotaur Fighter on Sept 7, 2019.
             Killed by divine providence
             ... invoked by an orc priest
              (14 damage)
             ... on level 4 of the Dungeon.
             The game lasted 00:06:08 (2565 turns).

E1999 the Chopper (Minotaur Fighter)                Turns: 2565, Time: 00:06:09

Health: 0/51       AC:  9    Str: 20    XL:     6   Next: 19%
Magic:  5/5        EV: 10    Int:  5    God:
Gold:   280        SH:  0    Dex: 12    Spells: 5/5 levels left

rFire    . . .     SeeInvis .   y - +1 spear (flame)
rCold    . . .     Gourm    .   (no shield)
rNeg     + . .     Faith    .   b - +0 scale mail
rPois    .         Spirit   .   (helmet restricted)
rElec    .         Reflect  .   (no cloak)
rCorr    .         Harm     .   (no gloves)
MR       .....                  x - +1 pair of boots
Stlth    ..........             (no amulet)
HPRegen  0.17/turn              r - ring of positive energy
MPRegen  0.09/turn              (no ring)

@: about to teleport
A: retaliatory headbutt, horns 2
a: no special abilities


You were on level 4 of the Dungeon.
You were not hungry.

You visited 1 branch of the dungeon, and saw 4 of its levels.

You collected 280 gold pieces.

Inventory:

Hand Weapons
 a - a +0 war axe
 t - a +2 mace of draining
 y - a +1 spear of flaming (weapon)
 z - a +1 dagger of distortion
Armour
 b - a +0 scale mail (worn)
 c - a +0 shield
 x - a +1 pair of boots (worn)
Jewellery
 p - an uncursed ring of poison resistance {unknown}
 r - a ring of positive energy (left hand)
Scrolls
 g - a scroll of remove curse {unknown}
 h - a scroll of random uselessness {unknown}
 l - a scroll of enchant armour
 o - 2 scrolls of identify
 u - a scroll of immolation {unknown}
 v - a scroll of amnesia {unknown}
Potions
 d - a potion of might
 e - 5 potions of flight {unknown}
 k - 2 potions of experience {unknown}
 m - a potion of mutation {unknown}
 n - a potion of heal wounds {unknown}
 q - a potion of invisibility {unknown}
 s - a potion of resistance {unknown}
 w - a potion of berserk rage {unknown}
Comestibles
 f - 7 rations
 A - 2 chunks of flesh {@w1}


   Skills:
 - Level 3.6 Fighting
 - Level 6.4(6.6) Axes
 * Level 2.5(4.8) Polearms
 + Level 4.6 Armour
 - Level 1.2 Dodging
 - Level 0.7 Stealth
 - Level 3.6 Shields


You had 5 spell levels left.
You didn't know any spells.
Your spell library was empty.

Dungeon Overview and Level Annotations

Branches:
Dungeon (4/15)
 Temple: D:4-7

Altars:
Ashenzari
Fedhas
Gozag
Ru
Sif Muna
Xom

Shops:
D:2 *

Annotations:
D:4 Menkaure


Innate Abilities, Weirdness & Mutations

You reflexively headbutt those who attack you in melee.
You have a pair of horns on your head.


Message History

The orc priest hits you from afar with a +0 trident.
* * * LOW HITPOINT WARNING * * *
The orc wizard hits you but does no damage.
The orc hits you with a +0 flail.
* * * LOW HITPOINT WARNING * * *
Okay, then.
As you read the scroll of teleportation, it crumbles to dust.
You feel strangely unstable.
The orc wizard hits you but does no damage.
The orc priest closely misses you.
The orc priest hits you but does no damage.
The orc wizard casts a spell at you. The magic dart hits you.
* * * LOW HITPOINT WARNING * * *
The orc priest barely misses you.
You see here a ration.
The orc wizard hits you but does no damage.
The orc priest calls down the wrath of Beogh upon you.
Beogh smites you!
You die...

...... .. ......
## .. ######.....
... ..........
....##......####
...oMo$.).......
#. #.o)...# #.
#oo.?#.# #.
#@.....# ####.
#....####... ..#.
#.........# #.#.
#....##########.#.
#.................
#.........###....#
####..............
#..............
..................


You could see 2 orc priests, an orc wizard and an orc.

Vanquished Creatures
  A scorpion (D:4)
  2 orc priests (D:3)
  An orc wizard (D:3)
  A centaur skeleton (D:4)
  A worker ant (D:4)
  A hound skeleton (D:4)
  2 adders (D:2)
  An ooze (D:4)
  2 worms (D:2)
  2 dart slugs (D:1)
  A leopard gecko (D:1)
  10 orcs
  3 ball pythons
  6 bats
  4 giant cockroaches
  10 goblins
  7 hobgoblins
  3 jackals (D:2)
  4 kobolds
  10 frilled lizards
  A leopard gecko skeleton (D:3)
  5 rats
78 creatures vanquished.

Vanquished Creatures (others)
  4 toadstools (D:3)
4 creatures vanquished.

Grand Total: 82 creatures vanquished

Notes
Turn   | Place    | Note
-------+----------+-------------------------------------------
     0 | D:1      | E1999 the Minotaur Fighter began the quest for the Orb.
     0 | D:1      | Reached XP level 1. HP: 19/19 MP: 0/0
    16 | D:1      | Reached skill level 3 in Axes
   216 | D:1      | Reached XP level 2. HP: 24/26 MP: 1/1
   543 | D:1      | Reached skill level 4 in Axes
   681 | D:2      | Reached XP level 3. HP: 29/31 MP: 2/2
   730 | D:2      | Found a shattered altar of Ashenzari.
   837 | D:2      | Reached skill level 5 in Axes
   990 | D:2      | Reached XP level 4. HP: 38/39 MP: 3/3
  1093 | D:2      | Found an opulent altar of Gozag.
  1095 | D:2      | Found Gozag's Platinum Reserve.
  1223 | D:2      | Found a shimmering blue altar of Sif Muna.
  1337 | D:3      | Found a shimmering altar of Xom.
  1399 | D:3      | Found a sacrificial altar of Ru.
  1466 | D:3      | Reached skill level 6 in Axes
  1466 | D:3      | Reached skill level 1 in Dodging
  1467 | D:3      | Reached XP level 5. HP: 44/45 MP: 4/4
  2308 | D:4      | Found a blossoming altar of Fedhas.
  2312 | D:4      | Reached skill level 1 in Polearms
  2332 | D:4      | Reached skill level 4 in Armour
  2368 | D:4      | Reached skill level 2 in Polearms
  2368 | D:4      | Reached XP level 6. HP: 51/51 MP: 5/5
  2554 | D:4      | Noticed Menkaure
  2565 | D:4      | Killed from afar by an orc priest

Levels and vault maps discovered:
D:1:      minmay_arrival_four_circles, layout_loops_ring,
          minmay_tree_intersection
D:2:      layout_loops_ring, nicolae_gozag_zags_fifth_avenue,
          evilmike_ruin_ashenzari, nicolae_overflow_crystal_walls
D:3:      layout_loops_corners, xom_teletrap_fun,
          nicolae_ru_great_annihilating_truth, minmay_gold_behind_fungi
D:4:      layout_basic, grunt_dithmenos_smoke, old_standard_altar,
          minmay_shop_mayhem, uniq_menkaure

Skill      XL: |  1  2  3  4  5 |
---------------+----------------+-----
Axes           | 3 4 5 6 |  6.4
Dodging        | 1 |  1.2
Polearms       | 2 |  2.5
Armour         | 4 |  4.6
Fighting       | |  3.6
Stealth        | |  0.7
Shields        | |  3.6

Action                   |  1- 3 |  4- 6 || total
-------------------------+-------+-------++-------
Melee: War axe           |    77 |    48 ||   125
       Headbutt          |    10 |    11 ||    21
       Spear             |       |    36 ||    36
  Use: Scroll            |       |     3 ||     3
       Potion            |       |     2 ||     2
 Stab: Paralysed         |       |     1 ||     1
  Eat: Chunk             |       |     5 ||     5
Armor: Scale mail        |    35 |    46 ||    81
Dodge: Dodged            |    41 |    51 ||    92

Table legend:
 A = Non-vault XP
 B = Vault XP
 C = Vault XP percentage of total XP
 D = Non-vault monster count
 E = Vault monster count
 F = Vault count percentage of total count
                 A         B        C        D         E       F
            +---------+---------+-------+---------+---------+-------
      Total |     404 |      46 |  10.2 |      74 |       4 |   5.1
            +---------+---------+-------+---------+---------+-------
        D:1 |      32 |       0 |   0.0 |      17 |       0 |   0.0
        D:2 |      74 |       0 |   0.0 |      27 |       0 |   0.0
        D:3 |     107 |      46 |  30.1 |      15 |       4 |  21.1
        D:4 |     191 |       0 |   0.0 |      15 |       0 |   0.0
            +---------+---------+-------+---------+---------+-------
